 Dungeon Crawl Stone Soup version 0.21.0 (webtiles) character file.

204 Rrauwl the Poker (level 5, -9/38 HPs)
             Began as a Merfolk Gladiator on Jan 8, 2018.
             Killed from afar by Ijyb (15 damage)
             ... with a wand of acid (2)
             ... on level 3 of the Dungeon.
             The game lasted 00:09:13 (2388 turns).

Rrauwl the Poker (Merfolk Gladiator)                Turns: 2388, Time: 00:09:13

Health: -9/38      AC:  1    Str: 13 (15) XL:     5   Next: 82%
Magic:  14/14      EV: 15    Int:  4 (7)  God:
Gold:   149        SH:  0    Dex: 13 (16) Spells: 4/4 levels left

rFire    . . .     SeeInvis .   a - +0 trident
rCold    . . .     Gourm    .   (no shield)
rNeg     . . .     Faith    .   j - +0 leather armour (curse)
rPois    .         Spirit   .   c - +0 helmet
rElec    .         Reflect  .   p - +0 cloak
rCorr    .         Harm     .   (no gloves)
MR       .....                  (no boots)
Stlth    +.........             (no amulet)
HPRegen  0.12/turn              g - ring of magical power
MPRegen  0.14/turn              (no ring)

@: corroded
A: change form in water, swift swim, stealthy swim
a: no special abilities


You were on level 3 of the Dungeon.
You were not hungry.

You visited 1 branch of the dungeon, and saw 3 of its levels.

You collected 149 gold pieces.

Inventory:

Hand Weapons
 a - a +0 trident (weapon)
Missiles
 d - 3 throwing nets (quivered)
 k - 50 bolts
Armour
 c - a +0 helmet (worn)
 j - a cursed +0 leather armour (worn)
 p - a +0 cloak (worn)
Jewellery
 g - a ring of magical power (left hand)
Wands
 m - a wand of enslavement (10)
Scrolls
 b - 2 scrolls of teleportation {unknown}
 i - a scroll of blinking {unknown}
 l - 2 scrolls of fear {unknown}
 n - 4 scrolls of identify {unknown}
Comestibles
 f - 4 rations
 h - 6 chunks of flesh


   Skills:
 - Level 2.1 Fighting
 + Level 7.0 Polearms
 - Level 2.0 Throwing
 + Level 6.3 Dodging
 + Level 1.2 Evocations


You had 4 spell levels left.
You didn't know any spells.

Dungeon Overview and Level Annotations

Branches:
Dungeon (3/15)

Altars:
Okawaru
Trog

Annotations:
D:3 Ijyb


Message History

You closely miss Ijyb.
Ijyb is lightly wounded.
Your goblin hits Ijyb. Ijyb closely misses you.
You hit Ijyb.
Ijyb is moderately wounded.
Your goblin closely misses Ijyb.
Ijyb barely misses you.
You hit Ijyb but do no damage.
Ijyb is moderately wounded.
Your goblin closely misses Ijyb.
Ijyb hits you.
* * * LOW HITPOINT WARNING * * *
You hit Ijyb.
Ijyb is heavily wounded.
Your goblin barely misses Ijyb.
Ijyb closely misses you.
You hit Ijyb.
Ijyb is severely wounded.
Your goblin barely misses Ijyb.
You barely miss Ijyb.
Ijyb is severely wounded.
Ijyb zaps a wand.
The bolt of acid hits you!
You die...

#..≈≈..#####...#
#÷#≈≈..#...#####.$
..≈≈≈..'...'..##'##
.#≈≈≈..#...#).#...#
.≈≈#########..#...#
(≈≈#..........#...#
...'....).....#...#
...'....÷.....#.gg#
...'..........#.@.#
#≈≈#.....(....#...#
#(≈#########..##''#
##≈≈(..#...#......#
#≈≈≈.)'...'......#
##≈≈..#...#......#
#################


You could see Ijyb and a friendly goblin.

Vanquished Creatures
  The ghost of Somebody the Magician, an amateur DECj (D:3)
  4 adders
  An ooze (D:3)
  3 worms (D:2)
  A dart slug (D:2)
  2 leopard geckos
  2 orcs (D:3)
  8 bats
  4 giant cockroaches
  13 hobgoblins
  7 jackals (D:3)
  6 kobolds
  2 quokkas (D:3)
  6 frilled lizards
  12 goblins
  A jackal skeleton (D:3)
  4 rats
77 creatures vanquished.

Vanquished Creatures (others)
  A goblin (D:3)
1 creature vanquished.

Grand Total: 78 creatures vanquished

Notes
Turn   | Place    | Note
-------+----------+-------------------------------------------
     0 | D:1      | Rrauwl the Merfolk Gladiator began the quest for the Orb.
     0 | D:1      | Reached XP level 1. HP: 16/16 MP: 1/1
   116 | D:1      | Reached XP level 2. HP: 13/22 MP: 2/2
   216 | D:1      | Reached skill level 5 in Polearms
   739 | D:2      | Reached XP level 3. HP: 27/27 MP: 3/3
   833 | D:2      | Reached skill level 5 in Dodging
  1045 | D:2      | Reached XP level 4. HP: 33/33 MP: 4/4
  1354 | D:3      | Noticed Somebody's ghost (amateur DECj)
  1467 | D:3      | Found a bloodstained altar of Trog.
  1468 | D:3      | Found an iron altar of Okawaru.
  1497 | D:3      | Reached skill level 6 in Polearms
  1843 | D:3      | Reached XP level 5. HP: 36/38 MP: 5/5
  2019 | D:3      | Killed Somebody's ghost
  2019 | D:3      | Reached skill level 1 in Evocations
  2020 | D:3      | Reached skill level 7 in Polearms
  2372 | D:3      | Noticed Ijyb
  2388 | D:3      | Killed from afar by Ijyb

Skill      XL: |  1  2  3  4  5 |
---------------+----------------+-----
Polearms       | 5 6 7 |  7.0
Dodging        | 5 6 |  6.3
Evocations     | 1 |  1.2
Fighting       | |  2.1
Throwing       | |  2.0

Action                   |  1- 3 |  4- 6 || total
-------------------------+-------+-------++-------
Melee: Trident           |   120 |   192 ||   312
Evoke: Wand              |       |     1 ||     1
  Use: Potion            |       |     8 ||     8
 Stab: Sleeping          |     2 |       ||     2
       Invisible         |       |     1 ||     1
  Eat: Chunk             |     1 |     4 ||     5
Armor: Leather armour    |    17 |    36 ||    53
       Skin              |       |    24 ||    24
Dodge: Dodged            |    57 |   134 ||   191
